 Dungeon Crawl Stone Soup version 0.19-b1-3-g7dea586 (webtiles) character file.

2512 tv1990 the Basher (level 9, 0/57 HPs)
             Began as a Formicid Monk on Oct 29, 2016.
             Was a Priest of the Shining One.
             Slain by a leopard gecko (3 damage)
             ... on level 7 of the Dungeon.
             The game lasted 00:20:33 (5436 turns).

tv1990 the Basher (Formicid Monk)                   Turns: 5436, Time: 00:20:34

Health: 0/57       AC:  1    Str: 23    XL:     9   Next: 83%
Magic:  16/16      EV:  7    Int:  9    God:    the Shining One [***...]
Gold:   329        SH:  0    Dex: 18    Spells: 0 memorised, 8 levels left

rFire  . . .     SeeInvis +     h - +0 flail
rCold  . . .     Gourm    .     v - +0 plate armour
rNeg   + . .     Faith    .     (no shield)
rPois  .         Spirit   .     (helmet unavailable)
rElec  .         Reflect  .     m - +0 cloak
rCorr  .         Harm     .     n - +0 pair of gloves
MR     .....                    o - +0 pair of boots
Stlth  ..........               k - amulet of regeneration
                                (no ring)
                                p - +6 ring of strength

@: lethally poisoned (0 -> -1), corroded, glowing
A: permanent stasis, dig shafts and tunnels, four strong arms, antennae 3, agile
1, deterioration 1, frail 1
a: Dig, Shaft Self, Divine Shield, Renounce Religion


You were on level 7 of the Dungeon.
You worshipped the Shining One.
The Shining One was most pleased with you.
You were hungry.

You visited 1 branch of the dungeon, and saw 7 of its levels.

You collected 329 gold pieces.

Inventory:

Hand Weapons
 h - a +0 flail (weapon)
 w - a +3 whip of freezing
Armour
 m - a +0 cloak (worn)
 n - a +0 pair of gloves (worn)
 o - a +0 pair of boots (worn)
 v - a +0 plate armour (worn)
Jewellery
 k - an amulet of regeneration (around neck)
 p - a +6 ring of strength (left hand)
Wands
 y - a wand of teleportation (4/9)
Scrolls
 b - a scroll of noise
 g - a scroll of immolation
 i - a scroll of remove curse
 r - a scroll of fog
 u - 2 scrolls of magic mapping
Potions
 a - a potion of agility {unknown}
 l - a potion of heal wounds
 t - 2 potions of might {unknown}
 x - a potion of curing
 A - a potion of cancellation
 B - 3 potions of flight {unknown}
Comestibles
 c - 4 bread rations
 f - 2 meat rations


   Skills:
 - Level 3.2 Fighting
 + Level 10.1 Maces & Flails
 - Level 2.6 Dodging
 - Level 2.4 Stealth
 + Level 9.5 Invocations


You had 8 spell levels left.
You didn't know any spells.

Dungeon Overview and Level Annotations

Branches:
Dungeon (7/15)             Temple (0/1) D:6

Altars:
Cheibriados
Sif Muna
Trog
The Shining One

Shops:
D:7 (


Innate Abilities, Weirdness & Mutations

You are under a permanent stasis effect.
You can dig through walls and to a lower floor.
Your four strong arms can wield two-handed weapons with a shield.
You have a pair of large antennae on your head. (SInv)
You are agile. (Dex +2)
Your body sometimes deteriorates upon taking damage.
You are frail. (-10% HP)


Message History

* * * LOW HITPOINT WARNING * * *
The leopard gecko bites you.
* * * LOW HITPOINT WARNING * * *
You thump the jelly!
You kill the jelly!
You hear the slow hiss of a very distant avalanche of sand.
The leopard gecko bites you.
* * * LOW HITPOINT WARNING * * *
You hit the orc.
The orc is lightly wounded.
The orc hits you with a flail!
* * * LOW HITPOINT WARNING * * *
The leopard gecko bites you.
* * * LOW HITPOINT WARNING * * *
You hit the orc.
The orc is almost dead.
The orc hits you with a flail.
* * * LOW HITPOINT WARNING * * *
The leopard gecko bites you.
You die...

*,* #.# *,*.# *,* *,*
#.###****,#.# *,* *,*
#.#..,,,,...* *,*****
*,* #.#.#*###.#**##
*,,,,,* *,* #.#.#
#...,,..#***,***,* *,*
#.#.###.#,,....,,,,* *,,
*,*
#.......#,...)#***,***,*
*,* #######o#.....#
*,,,,,* *,*
#@).....#*****,*** ,,*
##l......,,,,,,*** ,**
*#.#.#.#**,*,,,,, ,*
*#...#* *,,,,*** ,*
*******#.## ****,*** ,*
*,,,,,,,.# *,,,,, ,*
*,*****,,# *,,*** ,* *,*
*,,*******,,*
,************,*
*,,,,,,,,,,,*


You could see an orc and a leopard gecko.

Vanquished Creatures
  Pikel (D:6)
  Grinder (D:3)
  A hungry ghost (D:7)
  A sky beast (D:5)
  2 ice beasts (D:6)
  An orc warrior (D:6)
  A slave (D:6)
  4 ogres
  A gnoll sergeant (D:6)
  Blork the orc (D:4)
  2 scorpions (D:6)
  A crimson imp (D:7)
  A centaur zombie (D:6)
  A jelly (D:7)
  Crazy Yiuf (D:3)
  A hound (D:6)
  2 orc priests
  4 orc wizards
  2 centaur skeletons (D:6)
  An iguana (D:7)
  7 worker ants
  A hound zombie (D:6)
  8 adders
  7 gnolls
  A shadow imp (D:6)
  An ooze (D:3)
  An adder skeleton (D:5)
  3 worms
  2 dart slugs
  4 leopard geckos
  16 orcs
  2 ball pythons
  2 giant cockroaches
  2 hobgoblins (D:3)
  6 jackals
  6 bats
  6 frilled lizards
  A giant cockroach zombie (D:5)
  3 goblins
  10 kobolds
  A leopard gecko zombie (D:6)
  6 rats
126 creatures vanquished.

Vanquished Creatures (others)
  A slave (D:6)
  An ice beast (D:6)
  A jelly (D:6)
  A hound skeleton (D:6)
  An adder (D:6)
  A quokka skeleton (D:6)
6 creatures vanquished.

Grand Total: 132 creatures vanquished

Notes
Turn   | Place    | Note
-------+----------+-------------------------------------------
     0 | D:1      | tv1990 the Formicid Monk began the quest for the Orb.
     0 | D:1      | Reached XP level 1. HP: 18/18 MP: 1/1
   319 | D:1      | Reached XP level 2. HP: 22/24 MP: 2/2
   800 | D:2      | Found a bloodstained altar of Trog.
   892 | D:2      | Reached skill level 4 in Maces & Flails
   892 | D:2      | Reached XP level 3. HP: 24/29 MP: 3/3
  1386 | D:2      | Reached XP level 4. HP: 34/35 MP: 4/4
  1582 | D:3      | Reached skill level 5 in Maces & Flails
  1686 | D:3      | Gained mutation: You are agile. (Dex +2) [potion of mutation]
  1686 | D:3      | Gained mutation: You have sharp toenails. [potion of mutation]
  1686 | D:3      | Lost mutation: You have sharp toenails. [potion of mutation]
  1822 | D:3      | Reached XP level 5. HP: 32/41 MP: 5/5
  2023 | D:3      | Noticed Grinder
  2063 | D:3      | You fall through a shaft!
  2063 | D:4      | Found a glowing golden altar of the Shining One.
  2063 | D:4      | Noticed Blork the orc
  2074 | D:4      | Became a worshipper of the Shining One
  2074 | D:4      | Reached * piety under the Shining One
  2074 | D:4      | Reached ** piety under the Shining One
  2084 | D:4      | Killed Blork the orc
  2084 | D:4      | Reached skill level 6 in Maces & Flails
  2339 | D:4      | Found a snail-covered altar of Cheibriados.
  2417 | D:4      | Noticed an ogre
  2425 | D:4      | Killed an ogre
  2425 | D:4      | Reached XP level 6. HP: 24/47 MP: 5/7
  2921 | D:4      | Noticed an ogre
  2932 | D:4      | The Shining One protects you from harm!
  2937 | D:4      | Killed an ogre
  2937 | D:4      | Reached XP level 7. HP: 7/52 MP: 9/9
  3138 | D:4      | Gained mutation: Your natural rate of healing is unusually fast. [potion of mutation]
  3138 | D:4      | Gained mutation: You are frail. (-10% HP) [potion of mutation]
  3138 | D:4      | Gained mutation: Your body sometimes deteriorates upon taking damage. [potion of mutation]
  3139 | D:4      | Lost mutation: Your natural rate of healing is unusually fast. [potion of mutation]
  3283 | D:3      | Killed Grinder
  3283 | D:3      | Reached skill level 7 in Maces & Flails
  3384 | D:3      | Found a runed door.
  3490 | D:3      | Reached skill level 5 in Invocations
  3490 | D:3      | Reached XP level 8. HP: 30/52 MP: 11/11
  3769 | D:3      | Noticed Crazy Yiuf
  3780 | D:3      | Killed Crazy Yiuf
  3910 | D:5      | Entered Level 5 of the Dungeon
  4097 | D:5      | Reached skill level 8 in Maces & Flails
  4470 | D:6      | Noticed Pikel
  4488 | D:6      | Killed Pikel
  4488 | D:6      | Reached skill level 9 in Maces & Flails
  4488 | D:6      | Reached XP level 9. HP: 57/57 MP: 13/15
  4503 | D:6      | Found a staircase to the Ecumenical Temple.
  5078 | D:6      | Found a deep blue altar of Sif Muna.
  5354 | D:7      | Reached skill level 10 in Maces & Flails
  5362 | D:7      | Found Jeteanul's Weapon Emporium.
  5417 | D:7      | Reached *** piety under the Shining One
  5436 | D:7      | Slain by a leopard gecko

Skill      XL: |  1  2  3  4  5  6  7  8  9 |
---------------+----------------------------+-----
Maces & Flails | 4 5 6 7 9 10 | 10.1
Invocations    | 2 3 5 8 9 |  9.5
Fighting       | |  3.2
Dodging        | |  2.6
Stealth        | |  2.4

Action                   |  1- 3 |  4- 6 |  7- 9 || total
-------------------------+-------+-------+-------++-------
Melee: Mace              |   103 |   159 |    57 ||   319
       Flail             |       |       |   178 ||   178
       Whip              |       |       |    71 ||    71
Invok: Divine Shield     |       |     1 |     1 ||     2
 Abil: Dig               |     2 |     6 |     3 ||    11
       Shaft Self        |       |     1 |       ||     1
  Use: Scroll            |       |    10 |     8 ||    18
       Potion            |       |     3 |     2 ||     5
  Eat: Chunk             |     3 |     7 |    10 ||    20
Armor: Chain mail        |    73 |    57 |    52 ||   182
       Robe              |     1 |       |       ||     1
       Plate armour      |       |       |    81 ||    81
Dodge: Dodged            |    35 |    55 |    91 ||   181
Block: Other             |       |     2 |     6 ||     8

Table legend:
 A = Turns spent in this place as a percentage of turns spent in the entire game.
 B = Non-inter-level travel turns spent in this place as a percentage of non-inter-level travel turns spent in the entire game.
 C = Inter-level travel turns spent in this place as a percentage of turns spent in this place.
 D = Turns resting spent in this place as a percentage of non-inter-level travel turns spent in this place.
 E = Turns spent auto-exploring this place as a percentage of non-inter-level travel turns spent in this place.
 F = Non-inter-level travel turns spent in this place divided by the number of levels of this place that you've seen.
                   A       B       C       D       E      F
               +-------+-------+-------+-------+-------+----------------------
         Total | 100.0 | 100.0 |   0.7 |   3.6 |  15.9 | 204.4
       Dungeon | 100.0 | 100.0 |   0.7 |   3.6 |  15.9 | 204.4
               +-------+-------+-------+-------+-------+----------------------

Table legend:
 A = Kills in this place as a percentage of kills in entire the game.
 B = Kills by you in this place as a percentage of kills by you in the entire game.
 C = Kills by friends in this place as a percentage of kills by friends in the entire game.
 D = Other kills in this place as a percentage of other kills in the entire game.
 E = Experience gained in this place as a percentage of experience gained in the entire game.
 F = Experience gained in this place divided by the number of levels of this place that you have seen.
                   A       B       C       D       E      F
               +-------+-------+-------+-------+-------+----------------------
         Total | 100.0 | 100.0 |  -nan |  -nan | 100.0 | 512.7
       Dungeon | 100.0 | 100.0 |  -nan |  -nan | 100.0 | 512.7
               +-------+-------+-------+-------+-------+----------------------

Vault maps used:
D:1:      lightli_molten_gateway
D:2:      trog_book
D:3:      uniq_grinder, uniq_crazy_yiuf_cottage
D:4:      cheibriados_altar_1, tso_metal_star, kennysheep_potato,
          uniq_blork_the_orc
D:5:      first_bread
D:6:      basic_altar, uniq_pikel
D:7:      serial_shops, kennysheep_little_box, enter_ossuary_3, grunt_ogre_cave,
          serial_park_tiny_pond, yredelemnul_altar_generic
